 Dungeon Crawl Stone Soup version 0.26.1-11-gd32895ea62 (webtiles) character file.

Game seed: 3390696637876686267

19941 Hugehornet the Protected (level 12, -2/66 HPs)
             Began as a Gargoyle Fighter on July 18, 2021.
             Was an Initiate of Gozag.
             Slain by Snorg (14 damage)
             ... on level 12 of the Dungeon.
             The game lasted 00:33:13 (13463 turns).

Hugehornet the Protected (Gargoyle Fighter)        Turns: 13463, Time: 00:33:13

Health: -2/66      AC: 31    Str: 21    XL:     12   Next: 74%
Magic:  12/12      EV:  7    Int: 13    God:    Gozag
Gold:   537        SH:  0    Dex:  9    Spells: 11/11 levels left

rFire    . . .     SeeInvis +   d - +5 battleaxe "Hukufeg" {spect, *Drain +Blink rPois rN+}
rCold    . . .     Faith    .   (shield currently unavailable)
rNeg     + + .     Spirit   .   D - +0 plate armour
rPois    ∞         Reflect  .   q - +1 helmet
rElec    +         Harm     .   p - +2 cloak {rPois}
rCorr    .         Rampage  .   (no gloves)
Will     +....                  (no boots)
Stlth    ..........             (no amulet)
HPRegen  0.21/turn              E - ring of see invisible
MPRegen  0.13/turn              y - ring of willpower

@: gold aura
A: negative energy resistance 1, electricity resistance, unbreathing,
petrification resistance, miasma immunity, AC +8
a: Renounce Religion, Evoke Blink, Potion Petition, Call Merchant, Bribe Branch


You were on level 12 of the Dungeon.
You worshipped Gozag.
Gozag was pleased with you.
You visited 2 branches of the dungeon, and saw 13 of its levels.
You also visited: Sewer.

You collected 2450 gold pieces.
You spent 564 gold pieces at shops.
You paid 1349 gold pieces to Gozag.

Inventory:

Hand Weapons
 a - a +1 war axe
 d - the +5 battleaxe "Hukufeg" (weapon) {spect, *Drain +Blink rPois rN+}
   (You found it on level 5 of the Dungeon)

   It retains the spirit of the tree from which it was made.
   In the hands of one skilled in evocations this spirit is drawn out to fight
   along side the wielder.
   It protects you from poison.
   It protects you from negative energy.
   It lets you blink.
   It causes draining when unequipped.
 o - a +3 dire flail of freezing
 A - a +2 hand axe of draining
Armour
 p - a +2 cloak of poison resistance (worn)
 q - a +1 helmet (worn)
 D - a +0 plate armour (worn)
 L - a cursed +0 tower shield
 O - a +0 cloak of stealth
Jewellery
 b - an uncursed ring of resist corrosion
 c - an uncursed ring of fire
 u - an uncursed ring of magical power
 y - a ring of willpower (right hand)
 E - a ring of see invisible (left hand)
 H - an uncursed ring of protection from fire
Wands
 B - a wand of iceblast (14)
 G - a wand of acid (25)
 I - a wand of flame (20)
 K - a wand of paralysis (20)
 M - a wand of disintegration (43)
Scrolls
 e - 3 scrolls of amnesia
 f - 2 scrolls of enchant weapon
 g - 4 scrolls of remove curse
 h - 6 scrolls of fog
 j - 4 scrolls of blinking
 m - 7 scrolls of teleportation
 n - 4 scrolls of magic mapping
 r - 2 scrolls of fear
 v - 5 scrolls of identify
 w - a scroll of noise {unknown}
 z - a scroll of enchant armour
 P - a scroll of torment {unknown}
Potions
 i - 9 potions of curing
 k - 3 potions of brilliance
 l - a potion of resistance
 s - a potion of might
 t - 2 potions of magic
 x - a potion of ambrosia
 C - a potion of heal wounds
 F - 2 potions of lignification {unknown}
 J - 2 potions of mutation {unknown}
 N - a potion of cancellation {unknown}


   Skills:
 - Level 3.8 Fighting
 * Level 12.0 Axes
 * Level 14.1 Armour
 - Level 5.7 Shields
 + Level 7.4 Evocations


You had 11 spell levels left.
You didn't know any spells.
Your spell library contained the following spells:

 Spells                   Type           Power        Failure   Level
 Freeze                   Ice            0%           98%         1
 Frozen Ramparts          Ice            0%           100%        3
 Ozocubu's Armour         Ice            0%           100%        3
 Hailstorm                Conj/Ice       0%           100%        4
 Summon Ice Beast         Ice/Summ       0%           100%        4


Dungeon Overview and Level Annotations

Branches:
Dungeon (12/15)            Temple (1/1) D:5            Lair (0/6) D:11
    Orc (0/2) D:11          Sewer (visited)

Altars:
Ashenzari
Cheibriados
Dithmenos
Elyvilon
Fedhas
Gozag
Hepliaklqana
Kikubaaqudgha
Makhleb
Nemelex Xobeh
Okawaru
Qazlal
Ru
Sif Muna
Trog
Uskayaw
Vehumet
Wu Jian
Xom
Yredelemnul
Zin
The Shining One

Shops:
D:5 [}   D:8 *   D:11 =[

Annotations:
D:12 Snorg


Innate Abilities, Weirdness & Mutations

You are resistant to torment.
Your stone body is resilient. (AC +8)
You are immune to poison.
You resist negative energy. (rN+)
You are resistant to electric shocks. (rElec)
You can survive without breathing.
You are immune to petrification.
You are immune to miasma.


Message History

Snorg is severely wounded.
You completely miss the vampire mosquito.
The vampire mosquito bites you but does no damage.
Snorg bites you! Snorg claws you. Snorg claws you but does no damage.
The vampire mosquito bites you but does no damage.
Snorg bites you but does no damage. Snorg claws you. Snorg closely misses you.
You slash Snorg!
Snorg is severely wounded.
You closely miss the vampire mosquito. The vampire mosquito bites you.
Snorg bites you but does no damage. Snorg claws you but does no damage.
Snorg closely misses you. The vampire mosquito bites you.
You slice Snorg!!
Snorg is almost dead.
You hit the vampire mosquito.
The vampire mosquito bites you but does no damage.
Snorg bites you!
* * * LOW HITPOINT WARNING * * *
Snorg claws you!
You die...
Your body crumbles into a pile of gold.

## #### ##### .##
###..## #...##
..###.....## #....#
...##.#....###....#
......#...###.....#
........#.(#.....###
....>..##........(.#
#...##.##....<..y#.#.##
................@.....#
######.########..T#...#
♣♣♣.....♣♣♣ #......##
♣..##'##(.♣ #.......
♣.♣.#.⌠.#.♣.♣
#........# . ♣.#####[♣
.♣#......... ♣♣.....♣♣
♣#......... # ##♣.♣##
###########..
.♣♣#.....# ♣.♣ ♣♣.♣♣


You could see Snorg (berserk), a vampire mosquito and a friendly +5 battleaxe
"Hukufeg" {spect, *Drain +Blink rPois rN+} (summoned).

Vanquished Creatures
  Kirke (D:12)
  Harold (D:10)
  A boulder beetle (D:12)
  A hydra (D:12)
  Erica (D:9)
  2 two-headed ogres
  Sonja (D:12)
  A sixfirhy (D:9)
  A phantasmal warrior (D:12)
  An ugly thing (D:11)
  2 cyclopes
  Maurice (D:9)
  A centaur zombie (D:11)
  Maggie (D:7)
  2 trolls
  2 hornets
  A vampire (D:11)
  3 hogs (D:12)
  15 yaks
  A wraith (D:11)
  2 wyverns (D:9)
  3 vampire mosquitoes
  Grum (D:9)
  Edmund (D:6)
  2 water moccasins (D:11)
  4 ice beasts
  5 sky beasts
  3 orc warriors
  2 necrophages (D:11)
  A phantom (D:5)
  2 wolves (D:9)
  7 centaurs
  7 ogres
  3 big kobolds
  7 bullfrogs
  4 scorpions
  13 wights
  7 killer bees
  4 howler monkeys
  2 bullfrog skeletons
  4 jellies
  6 orc priests
  3 centaur skeletons
  4 hounds
  10 orc wizards
  4 iguanas
  8 worker ants
  4 gnolls (D:6)
  12 adders
  3 river rats (Sewer)
  3 shadow imps
  A white imp (D:9)
  2 oozes
  An ufetubus (D:5)
  An adder skeleton (D:5)
  4 worms
  8 leopard geckos
  41 orcs
  11 bats
  6 giant cockroaches
  5 goblins
  6 hobgoblins
  21 kobolds
  4 quokkas
  12 ball pythons
  9 frilled lizards
  A jackal skeleton (D:7)
  A leopard gecko skeleton (D:8)
  A leopard gecko zombie (D:6)
  2 quokka zombies
  29 rats
  5 toadstools (D:3)
352 creatures vanquished.

Vanquished Creatures (others)
  11 fungi (D:3)
  7 plants (D:5)
  A withered plant (D:4)
19 creatures vanquished.

Grand Total: 371 creatures vanquished

Notes
Turn   | Place    | Note
-------+----------+-------------------------------------------
     0 | D:1      | Hugehornet the Gargoyle Fighter began the quest for the
                  | Orb.
     0 | D:1      | Reached XP level 1. HP: 14/14 MP: 1/1
   403 | D:1      | Reached XP level 2. HP: 17/19 MP: 2/2
   771 | D:2      | Reached XP level 3. HP: 22/23 MP: 3/3
   917 | D:2      | Found an ancient bone altar of Kikubaaqudgha.
  1125 | D:2      | Reached skill level 4 in Armour
  1125 | D:2      | Reached XP level 4. HP: 26/29 MP: 4/4
  1506 | D:2      | Found a shimmering altar of Xom.
  1506 | D:2      | Found a burning altar of Makhleb.
  1520 | D:2      | Found a glowing silver altar of Zin.
  1854 | D:3      | Reached XP level 5. HP: 33/33 MP: 5/5
  1947 | D:3      | Found a bloodstained altar of Trog.
  2326 | D:3      | Found a sparkling altar of Nemelex Xobeh.
  2469 | D:4      | Found a basalt altar of Yredelemnul.
  2614 | D:4      | Reached skill level 5 in Armour
  2614 | D:4      | Reached XP level 6. HP: 38/38 MP: 6/6
  3188 | D:4      | Noticed a hornet
  3202 | D:4      | Killed a hornet
  3203 | D:4      | Reached XP level 7. HP: 13/42 MP: 7/7
  3210 | D:4      | Reached skill level 6 in Armour
  3447 | D:4      | Found a broken altar of Ashenzari.
  3512 | D:5      | Entered Level 5 of the Dungeon
  3518 | D:5      | Got a smouldering battleaxe
  3536 | D:5      | Identified the +5 battleaxe "Hukufeg" {spect, *Drain +Blink
                  | rPois rN+} (You found it on level 5 of the Dungeon)
  3601 | D:5      | Reached skill level 5 in Shields
  3619 | D:5      | Found a glowing drain.
  3640 | Sewer    | Entered a sewer
  3781 | Sewer    | Reached skill level 5 in Axes
  4110 | Sewer    | Reached XP level 8. HP: 31/48 MP: 8/8
  4112 | Sewer    | Reached skill level 7 in Armour
  4484 | D:5      | Found Pileniof's Armour Boutique.
  4809 | D:5      | Found a white marble altar of Elyvilon.
  5011 | D:5      | Found a staircase to the Ecumenical Temple.
  5020 | Temple   | Entered the Ecumenical Temple
  5241 | Temple   | Became a worshipper of Gozag Ym Sagoz the Greedy
  5328 | D:5      | Found a glowing golden altar of the Shining One.
  5406 | D:5      | Found Bagy's Gadget Emporium.
  6152 | D:6      | Reached skill level 8 in Armour
  6152 | D:6      | Reached skill level 1 in Evocations
  6378 | D:6      | Noticed Edmund
  6389 | D:6      | Killed Edmund
  6390 | D:6      | Reached XP level 9. HP: 29/52 MP: 9/9
  6790 | D:7      | Noticed Maggie
  6810 | D:7      | Killed Maggie
  6811 | D:7      | Reached skill level 9 in Armour
  6943 | D:7      | HP: 1/52 [orc priest/nerve-wracking pain (3)]
  7306 | D:7      | Found a sacrificial altar of Ru.
  7628 | D:7      | Found a sparkling altar of Nemelex Xobeh.
  8352 | D:8      | Reached skill level 10 in Armour
  8352 | D:8      | Reached XP level 10. HP: 51/56 MP: 10/10
  8644 | D:8      | Found a radiant altar of Vehumet.
  8721 | D:8      | Found a hazy altar of Hepliaklqana.
  8890 | D:8      | Bought a scroll of identify for 62 gold pieces
  8890 | D:8      | Bought a runed cloak for 232 gold pieces
  9202 | D:9      | Found a runed translucent door.
  9202 | D:9      | Noticed a sixfirhy
  9376 | D:9      | Found a stormy altar of Qazlal.
  9394 | D:9      | Noticed a two-headed ogre
  9400 | D:9      | Killed a two-headed ogre
  9401 | D:9      | Reached skill level 11 in Armour
  9401 | D:9      | Noticed Maurice
  9433 | D:9      | Killed Maurice
  9451 | D:9      | Noticed Erica
  9461 | D:9      | Killed Erica
  9462 | D:9      | Reached skill level 5 in Evocations
  9462 | D:9      | Reached XP level 11. HP: 55/60 MP: 11/11
  9464 | D:9      | Noticed Grum
  9479 | D:9      | Reached skill level 10 in Axes
  9484 | D:9      | Killed Grum
  9853 | D:9      | Killed a sixfirhy
  9854 | D:9      | Reached skill level 12 in Armour
 10039 | D:10     | Entered Level 10 of the Dungeon
 10077 | D:10     | Noticed Harold
 10090 | D:10     | Killed Harold
 10145 | D:10     | Noticed a two-headed ogre
 10153 | D:10     | Killed a two-headed ogre
 10841 | D:11     | Noticed a cyclops
 10851 | D:11     | Killed a cyclops
 11043 | D:11     | Found a staircase to the Lair.
 11063 | D:11     | Found Ikuo's Jewellery Boutique.
 11096 | D:11     | Noticed a cyan ugly thing
 11107 | D:11     | Killed a cyan ugly thing
 11453 | D:11     | Found a staircase to the Orcish Mines.
 11542 | D:11     | Reached skill level 13 in Armour
 11723 | D:11     | Reached XP level 12. HP: 66/66 MP: 12/12
 11843 | D:11     | Bought a runed cloak for 270 gold pieces
 12019 | D:12     | Noticed a boulder beetle
 12047 | D:12     | Killed a boulder beetle
 12299 | D:12     | Noticed Kirke
 12308 | D:12     | Killed Kirke
 12309 | D:12     | Noticed a seven-headed hydra
 12327 | D:12     | Killed a seven-headed hydra
 12999 | D:12     | Reached skill level 14 in Armour
 13399 | D:12     | Noticed Sonja
 13411 | D:12     | Killed Sonja
 13451 | D:12     | Noticed Snorg
 13463 | D:12     | Slain by Snorg

Illustrated notes

Levels and vault maps discovered:
D:1:      onia_arrival_mini_spirals, layout_loops_ring, minmay_circled_x
D:2:      layout_basic, nicolae_overflow_crystal_walls,
          gammafunk_temple_overflow_elements, zin_statuary
D:3:      layout_basic, bloody_trog, minmay_gold_behind_fungi,
          nemelex_lonely_heart_becter
D:4:      layout_basic, yredelemnul_altar_generic,
          nicolae_overflow_hidden_temple, minmay_misc_feat_cross
D:5:      layout_basic, elyvilon_altar_5, minmay_temple_entry_trees,
          portal_sewer_entry_d, basic_altar, serial_shops, kennysheep_mini,
          shop, minmay_lizard_king
D:6:      layout_basic, chequers_serial_rivers_micro_d, uniq_edmund
D:7:      layout_cave_pods, lemuel_doored_altar, kennysheep_mini_moat,
          amethyst_killhole, uniq_maggie
D:8:      layout_cave_pools, nzn_hepliaklqana_mist_gate, kennysheep_little_box
D:9:      cheibrodos_shockbox, layout_rooms, roderic_serpentine_path,
          nicolae_qazlal_style_of_elements, uniq_grum, uniq_maurice, uniq_erica
D:10:     layout_big_octagon, uniq_harold
D:11:     layout_roguey, lair_entry_dummy, orc_0_dummy, serial_rivers,
          chequers_serial_rivers_small_3, chequers_serial_rivers_small_a,
          chequers_serial_rivers_room_b, chequers_serial_rivers_small_3,
          serial_shops, nicolae_shop_temple_entry_statues_fountains
D:12:     nzn_winding_woodlands_stair_cross [nzn_winding_woodlands_5x15_cabin,
          nzn_winding_woodlands_center_diamonds,
          nzn_winding_woodlands_5x15_default,
          nzn_winding_woodlands_5x5_perimeter,
          nzn_winding_woodlands_5x5_default,
          nzn_winding_woodlands_5x15_river_crossing,
          nzn_winding_woodlands_center_lodge,
          nzn_winding_woodlands_5x15_sidewinder], layout_cave_pools, uniq_kirke,
          uniq_sonja, uniq_snorg
Temple:   jpeg_temple_alley_garden

Skill      XL: |  1  2  3  4  5  6  7  8  9 10 11 12 |
---------------+-------------------------------------+-----
Axes           | 2 3 4 5 6 8 9 11 12 | 12.0
Armour         | 4 5 6 8 10 11 13 14 | 14.1
Shields        | 4 5 |  5.7
Evocations     | 1 3 5 6 7 |  7.4
Fighting       | |  3.8

Action                   |  1- 3 |  4- 6 |  7- 9 | 10-12 || total
-------------------------+-------+-------+-------+-------++-------
Melee: War axe           |   101 |   159 |    28 |       ||   288
       Battleaxe         |       |       |   335 |   426 ||   761
Invok: Call Merchant     |       |       |       |     2 ||     2
Evoke: Wand              |       |       |       |     6 ||     6
  Use: Potion            |       |     3 |     3 |     3 ||     9
       Scroll            |       |       |    13 |     6 ||    19
 Stab: Distracted        |       |       |     1 |       ||     1
       Paralysed         |       |       |       |     3 ||     3
Armor: Scale mail        |    65 |    29 |       |       ||    94
       Chain mail        |       |    81 |   309 |     7 ||   397
       Plate armour      |       |       |       |   394 ||   394
Dodge: Dodged            |    33 |    33 |   171 |   156 ||   393
Block: Kite shield       |    64 |    84 |    18 |       ||   166
       Buckler           |     1 |       |       |       ||     1
